AoeStats
← 兼职部诗人

Black Forest

505195705Analyzed
4v4 RM · 23d ago on Sep 8, 2026· 40m 15s· 8 players
Game mode
Random Map
Map size
Large (8 player)
Population
200
Speed
Normal
Resources
Standard
Victory
Conquest
Starting age
Dark Age
Ending age
Imperial Age
RankedLock teamsTeams togetherTeam positionsShared explorationLock speedFull tech treeHidden civsTurbo modeCheats
Victory
Defeat
🇮🇳 Cumans · India
1018
+10
🇨🇳 Ethiopians · China
830
+17
🇺🇸 Celts · United States
796
+19
🇭🇰 Aztecs · Hong Kong SAR China
753
+21
🇩🇪 Jurchens · Germany
912
-19
🇹🇷 Turks · Türkiye
849
-16
🇦🇹 Persians · Austria
847
-16
🇰🇿 Khmer · Kazakhstan
841
-16
Lord Farquaad
0:34 Loom
14:52 Feudal Age
19:22 Castle Age
17:50 Horse Collar
17:57 Double-Bit Axe
19:30 Fletching
20:22 Stone Mining
20:25 Gold Mining
21:56 Heavy Plow
23:11 Bow Saw
25:35 Wheelbarrow
26:52 Fortified Wall
27:47 Town Watch
29:09 Town Patrol
34:09 Imperial Age
33:51 Scale Barding Armor
33:57 Forging
35:03 Elite Iron Pagoda
36:18 Chain Barding Armor
36:33 Iron Casting
36:14 Bloodlines
36:06 Husbandry
36:41 Conscription
37:51 Plate Barding Armor
38:08 Fortified Bastions
38:25 Siege Engineers
38:32 Masonry
38:43 Ballistics
39:23 Chemistry
40:00 Padded Archer Armor
41:02 Blast Furnace
39:58 Bodkin Arrow
Françaisman
2:04 Loom
13:24 Feudal Age
22:23 Castle Age
22:29 Stone Mining
22:59 Crossbowman
26:43 Horse Collar
27:56 Bloodlines
27:47 Husbandry
34:53 Double-Bit Axe
38:58 Imperial Age
36:55 Bow Saw
37:32 Wheelbarrow
38:19 Stone Shaft Mining
38:35 Gold Mining
Bo Binci
1:18 Loom
12:39 Feudal Age
19:10 Castle Age
17:57 Double-Bit Axe
18:18 Horse Collar
18:34 Stone Mining
19:48 Heavy Plow
23:15 Gold Mining
23:39 Bow Saw
27:13 Fletching
34:37 Imperial Age
31:56 Town Watch
32:49 Wheelbarrow
33:08 Forging
38:33 Hand Cart
40:22 Gold Shaft Mining
Allspark
0:30 Loom
13:51 Feudal Age
15:44 Horse Collar
15:57 Double-Bit Axe
18:22 Castle Age
26:15 Wheelbarrow
25:26 Town Watch
30:29 Stone Mining
30:33 Fletching
30:44 Padded Archer Armor
34:22 Imperial Age
32:23 Leather Archer Armor
32:04 Bodkin Arrow
35:27 Heavy Plow
35:38 Bow Saw
35:19 Gold Mining
35:48 Hand Cart
36:27 Fortified Wall
36:38 Ballistics
36:14 Murder Holes
38:04 Gold Shaft Mining
38:33 Forging
38:28 Scale Barding Armor
38:48 Conscription
40:02 Bloodlines
39:55 Husbandry
39:19 Heavy Camel Rider
40:48 Chain Barding Armor
41:03 Iron Casting
Michaeldm6945
0:47 Loom
19:45 Feudal Age
22:48 Double-Bit Axe
31:24 Castle Age
31:49 Castle Age
32:11 Gold Mining
32:12 Stone Mining
34:28 Wheelbarrow
kwik
3:07 Loom
10:40 Feudal Age
11:13 Double-Bit Axe
11:12 Horse Collar
17:10 Wheelbarrow
16:21 Town Watch
22:45 Castle Age
20:50 Gold Mining
20:51 Stone Mining
22:07 Bloodlines
22:03 Scale Barding Armor
23:09 Forging
24:05 Bow Saw
23:58 Heavy Plow
24:20 Chain Barding Armor
23:39 Capped Ram
35:01 Hand Cart
34:46 Town Patrol
39:50 Imperial Age
38:50 Iron Casting
40:12 Cavalier
41:29 Plate Barding Armor
41:55 Blast Furnace
路一司
11:04 Feudal Age
15:01 Castle Age
24:05 Double-Bit Axe
25:01 Horse Collar
25:13 Gold Mining
25:14 Stone Mining
26:54 Bow Saw
26:46 Heavy Plow
27:24 Gold Shaft Mining
27:24 Stone Shaft Mining
27:31 Wheelbarrow
26:42 Loom
26:43 Town Watch
28:43 Hand Cart
31:20 Imperial Age
31:10 Thumb Ring
31:31 Thumb Ring
31:51 Halberdier
32:44 Scale Mail Armor
32:54 Forging
34:39 Ballistics
35:19 Chemistry
35:34 Two-Man Saw
35:31 Conscription
35:14 Torsion Engines
34:40 Heavy Scorpion
37:44 Siege Engineers
兼职部诗人
5:12 Loom
12:37 Feudal Age
13:11 Double-Bit Axe
14:04 Horse Collar
15:32 Gold Mining
20:02 Stone Mining
23:17 Castle Age
24:07 Eagle Warrior
25:40 Bow Saw
25:33 Heavy Plow
26:10 Stone Shaft Mining
26:10 Gold Shaft Mining
27:50 Scale Mail Armor
28:00 Forging
29:00 Chain Mail Armor
29:41 Squires
29:01 Pikeman
34:02 Imperial Age
32:40 Wheelbarrow
34:14 Iron Casting
36:11 Elite Eagle Warrior
36:18 Elite Jaguar Warrior
39:07 Plate Mail Armor
39:20 Conscription
41:05 Garland Wars
Connection lost

Rejoining the realm…

Still unreachable

The connection could not be restored.

Session expired

The server has moved on; the page needs a fresh start.